Map: 이터널 엠파이어 - 래더

Players

LiquidClem (Clem) - Winner!

  • Race: Terran Terran
  • League: Grandmaster
  • Spawn Location: 7:00

Denver

  • Race: Zerg Zerg
  • League: Grandmaster
  • Spawn Location: 1:00

Event: StayAtHomestory Cup #1

VOD

Have the link to the VOD?

Description

Time

  • Played on: April 10, 2020, 10:58 a.m.
  • Length: 10:17

All games in this series

Show
View Real Time Build Order
Export as new Build Order

LiquidClem Terran - Winner!

Build Orders: Reaper Expand 

Get SALT Encoding   

  12  0:00  SCV  
  13  0:12  SCV  
  14  0:17  Supply Depot  
  14  0:24  SCV  
  15  0:38  SCV  
  15  0:39  Barracks  
  16  0:43  Refinery  
  16  0:50  SCV  
  17  1:02  SCV  
  18  1:15  SCV  
  19  1:26  Reaper  
  19  1:27  Orbital Command  
  20  1:39  Command Center  
  20  1:47  Supply Depot  
  20  1:52  SCV  
  21  1:58  Marine  
  22  2:04  SCV  
  23  2:10  Factory  
  23  2:14  Refinery  
  23  2:16  SCV  
  23  2:19  Barracks Reactor  
  24  2:29  SCV  
  25  2:41  SCV  
  26  2:52  Orbital Command  
  26  2:53  SCV  
  26  2:57  Starport  
  27  3:03  Hellion x2  
  27  3:05  SCV  
  32  3:07  Barracks Tech Lab  
  32  3:16  Supply Depot  
  32  3:17  SCV  
  32  3:19  SCV  
  34  3:24  Hellion  
  36  3:29  SCV  
  36  3:31  SCV  
  38  3:40  Supply Depot, Banshee  
  41  3:41  SCV  
  41  3:43  SCV  
  41  3:44  Barracks Tech Lab  
  43  3:51  Hellion  
  43  3:53  SCV  
  43  3:55  Hellion  
  48  3:56  SCV  
  49  4:05  SCV  
  49  4:06  Stimpack  
  49  4:08  SCV  
  51  4:15  Command Center  
  51  4:21  Marine  
  52  4:27  Siege Tank  
  52  4:30  Supply Depot  
  55  4:33  SCV x2  
  55  4:36  Bunker  
  57  4:39  Marine  
  57  4:42  Viking  
  60  4:50  Supply Depot  
  60  4:56  Bunker  
  60  4:57  Marine, SCV x2  
  61  5:09  SCV  
  61  5:12  SCV  
  62  5:14  Siege Tank  
  62  5:15  Marine  
  62  5:21  SCV  
  61  5:33  Marine, SCV, Viking  
  57  5:50  Marine  
  57  5:51  SCV  
  48  6:11  Marine  
  48  6:12  SCV x2  
  48  6:16  SCV  
  50  6:24  SCV  
  51  6:29  Marine  
  51  6:31  SCV  
  54  6:36  SCV, Orbital Command  
  54  6:43  SCV  
  52  6:47  Marauder  
  52  6:48  SCV, Refinery  
  53  6:55  SCV  
  53  7:00  SCV  
  53  7:02  SCV  
  53  7:07  SCV  
  53  7:08  Marine  
  45  7:12  SCV, Barracks  
  45  7:14  SCV  
  47  7:20  SCV  
  48  7:24  SCV  
  48  7:26  SCV, Marine  
  48  7:27  Bunker  
  50  7:32  SCV, Supply Depot  
  50  7:36  SCV  
  52  7:38  SCV  
  52  7:40  Refinery  
  52  7:44  Marine  
  52  7:48  SCV  
  47  8:00  Marine, Siege Tank  
  47  8:01  Marine  
  47  8:02  SCV  
  47  8:03  SCV  
  47  8:04  SCV  
  51  8:15  SCV  
  51  8:16  SCV  
  51  8:19  Marine  
  54  8:23  Barracks  
  54  8:24  Refinery  
  54  8:26  Combat Shield  
  54  8:28  SCV, Orbital Command  
  54  8:30  SCV  
  55  8:35  Marine x2  
  55  8:37  Marine  
  55  8:38  Siege Tank  
  55  8:40  SCV  
  62  8:43  SCV  
  62  8:48  Barracks  
  63  8:49  Barracks  
  63  8:52  SCV  
  63  8:53  Marine x2  
  66  8:58  Starport Reactor  
  66  8:59  SCV  
  66  9:00  SCV  
  66  9:01  Marine, Engineering Bay  
  69  9:04  SCV, Engineering Bay  
  70  9:10  Marine  
  70  9:11  Marine x2  
  70  9:12  SCV  
  70  9:14  SCV  
  70  9:16  SCV  
  74  9:18  Marine  
  74  9:20  Siege Tank  
  78  9:25  SCV  
  78  9:26  SCV  
  78  9:28  SCV  
  78  9:29  Marine x2  
  84  9:34  Barracks Reactor  
  84  9:36  Marine x3  
  86  9:39  Supply Depot  
  86  9:40  Medivac x2  
  86  9:41  SCV  
  86  9:44  SCV  
  92  9:46  Marine  
  92  9:48  SCV, Supply Depot  
  92  9:51  Marine  
  95  9:53  SCV  
  95  9:54  Marine  
  95  9:59  Barracks Reactor  
  100  10:01  SCV x2  
  100  10:05  SCV  
  101  10:12  Barracks Reactor  
Show
View Real Time Build Order
Export as new Build Order

Denver Zerg 

Build Orders: Hatch First, Roach Nydus 

Get SALT Encoding   

  12  0:01  Drone  
  13  0:13  Overlord  
  13  0:17  Drone  
  14  0:31  Drone x2  
  16  0:48  Hatchery  
  15  0:53  Drone  
  15  0:56  Drone  
  17  1:00  Drone  
  18  1:11  Extractor  
  17  1:15  Spawning Pool  
  16  1:19  Drone  
  16  1:22  Drone  
  18  1:30  Drone  
  19  1:40  Drone  
  20  1:50  Drone  
  21  2:03  Zergling x2, Queen x2  
  21  2:04  Zergling x2  
  27  2:12  Overlord  
  27  2:15  Drone  
  28  2:36  Drone  
  28  2:37  Drone x2  
  30  2:38  Overlord  
  30  2:40  Lair  
  30  2:43  Queen  
  32  2:58  Overlord  
  32  3:01  Drone  
  32  3:02  Drone, Roach Warren  
  33  3:07  Extractor  
  30  3:40  Nydus Network  
  29  3:45  Roach x5  
  39  3:49  Roach  
  39  3:55  Overlord  
  41  4:07  Roach  
  41  4:08  Roach  
  44  4:16  Nydus Canal  
  44  4:22  Roach x2  
  48  4:25  Roach  
  48  4:28  Overlord  
  50  4:33  Drone x2  
  52  4:39  Nydus Canal  
  52  4:43  Roach  
  54  4:47  Overlord  
  54  4:58  Nydus Canal  
  54  5:13  Roach x3  
  55  5:31  Ravager  
  55  5:32  Roach, Queen  
  56  5:45  Overlord  
  56  5:48  Roach x4  
  62  5:51  Overlord  
  51  6:13  Roach x4  
  47  6:22  Drone x2  
  47  6:25  Glial Reconstitution  
  47  6:29  Drone  
  48  6:45  Drone x6  
  52  6:48  Ravager  
  53  6:55  Roach x2  
  40  7:10  Roach x2  
  40  7:12  Queen  
  44  7:21  Roach x2  
  48  7:27  Ravager  
  47  7:32  Hatchery  
  47  7:33  Ravager  
  43  8:01  Roach x5, Queen  
  55  8:07  Queen  
  49  8:21  Drone x3  
  50  8:29  Evolution Chamber  
  50  8:30  Overseer  
  50  8:31  Drone x2  
  51  8:37  Extractor  
  52  8:42  Roach x3  
  52  8:43  Queen  
  52  8:46  Extractor, Drone  
  52  8:47  Drone  
  61  8:49  Drone  
  61  8:53  Drone  
  61  9:02  Roach  
  65  9:03  Roach  
  65  9:05  Roach  
  65  9:09  Drone x3  
  70  9:11  Drone  
  71  9:21  Roach x3  
  71  9:23  Overseer  
  69  9:28  Roach x2  
  69  9:29  Roach  
  75  9:31  Drone  
  75  9:35  Nydus Canal  
  76  9:39  Ravager  
  76  9:41  Ravager  
  76  9:42  Drone  
  76  9:43  Drone x3  
  82  9:47  Overlord  
  82  9:51  Overlord  
  82  9:57  Overlord  
Tags
 
Add a new tag
Caveats
  • Supply blocks, unpowered buildings, or Contaminate may cause inaccurate times.
  • Supply counts are checked every 10 seconds.